 Dungeon Crawl Stone Soup version 0.17.0-28-g6e173f8 (console) character file.

263 Kloppie the Skirmisher (level 6, -1/61 HPs)
             Began as a Naga Fighter on Dec 2, 2015.
             Slain by Natasha (5 damage)
             ... on level 2 of the Dungeon.
             The game lasted 00:03:29 (2175 turns).

Kloppie the Skirmisher (Naga Fighter)               Turns: 2175, Time: 00:03:29

Health: -1/61      AC:  5    Str: 19    XL:     6   Next: 19%
Magic:  6/6        EV:  5    Int:  8    God:
Gold:   80         SH:  8    Dex: 12    Spells: 0 memorised, 5 levels left

rFire  . . .     SeeInvis +     a - +0 long sword
rCold  . . .     Clarity  .     b - +0 scale mail
rNeg   . . .     SustAt   .     c - +0 shield
rPois  +         Gourm    .     (no helmet)
rElec  .         Spirit   .     (no cloak)
rCorr  .         Warding  .     (no gloves)
rMut   .         Stasis   .     (no barding)
MR     .....                    (no amulet)
Stlth  ..........               (no ring)
                                (no ring)

@: short of breath, very slow, not resistant to hostile enchantments, extremely
unstealthy
A: see invisible, deformed body, poison resistance, slowness 2, slow metabolism
1, spit poison 2, AC +2
a: Spit Poison


You were on level 2 of the Dungeon.
You were not hungry.

You visited 1 branch of the dungeon, and saw 2 of its levels.

You collected 80 gold pieces.

Inventory:

Hand Weapons
 a - a +0 long sword (weapon)
Armour
 b - a +0 scale mail (worn)
 c - a +0 shield (worn)
 p - a +0 plate armour
Scrolls
 f - 2 scrolls of magic mapping {unknown}
 i - 3 scrolls of noise {unknown}
 k - 3 scrolls of identify {unknown}
 n - a scroll of teleportation {unknown}
Potions
 d - a potion of might
 g - 3 potions of flight {unknown}
 h - 3 potions of curing {unknown}
 j - a potion of degeneration {unknown}
Comestibles
 e - 2 bread rations
 l - 2 chunks of flesh
 m - a beef jerky
 o - a meat ration


   Skills:
 + Level 5.3 Fighting
 + Level 4.5 Long Blades
 - Level 2.4 Armour
 - Level 2.4 Shields


You had 5 spell levels left.
You didn't know any spells.

Dungeon Overview and Level Annotations

Branches:
Dungeon (2/15)

Altars:
Xom

Annotations:
D:2 Natasha


Innate Abilities, Weirdness & Mutations

You cannot wear boots.
Your serpentine skin is tough (AC +2).
You have supernaturally acute eyesight.
Armour fits poorly on your strangely shaped body.
Your system is resistant to poisons.
You cover ground very slowly.
You have a slow metabolism.
You can spit poison.


Message History

The shadow imp hits you but does no damage.
You hit Natasha.
Natasha is moderately wounded.
Natasha claws you!
* * * LOW HITPOINT WARNING * * *
The shadow imp barely misses you.
You barely miss Natasha.
Natasha is moderately wounded.
Natasha mewls in sadness.
Natasha zaps a wand.
The magic dart hits you!
* * * LOW HITPOINT WARNING * * *
The shadow imp hits you.
* * * LOW HITPOINT WARNING * * *
Natasha mumbles some strange words.
You miss Natasha.
Natasha is moderately wounded.
The shadow imp hits you.
* * * LOW HITPOINT WARNING * * *
Natasha claws you.
You die...

####.......#
#..#.......#
##..#.......#
#...........# #
#...........## ##
#......#####.## #.
##..#.##K..##.## ##
#.5.##⌠.>w⌠##.# #
###@#.......#)# ##
#.hKw.⌠.>.#.### #.
###.......#.(.###.
#⌠.<.⌠##.......
##########...##....)...
##...#....#####.....##.[
#......###.##.......##.#
#.....## #.##.......#..#
##...## #.#####.##.#.#.


You could see a worm, Natasha, a shadow imp and a kobold.

Vanquished Creatures
  Sigmund (D:2)
  3 adders
  3 gnolls
  An ooze (D:1)
  A worm (D:2)
  3 giant geckos
  2 giant cockroaches (D:1)
  4 goblins
  6 hobgoblins
  A ball python (D:2)
  9 bats
  2 giant newts
  6 kobolds
  3 rats
45 creatures vanquished.

Notes
Turn   | Place    | Note
--------------------------------------------------------------
     0 | D:1      | Kloppie the Naga Fighter began the quest for the Orb.
     0 | D:1      | Reached XP level 1. HP: 21/21 MP: 1/1
   221 | D:1      | Reached XP level 2. HP: 21/28 MP: 2/2
   558 | D:1      | Reached XP level 3. HP: 32/34 MP: 3/3
  1206 | D:2      | Reached skill level 4 in Fighting
  1209 | D:2      | Found a shimmering altar of Xom.
  1262 | D:2      | Noticed Sigmund
  1288 | D:2      | Killed Sigmund
  1288 | D:2      | Reached skill level 5 in Fighting
  1288 | D:2      | Reached XP level 4. HP: 12/46 MP: 4/4
  1288 | D:2      | Reached XP level 5. HP: 13/52 MP: 5/5
  1599 | D:2      | Reached XP level 6. HP: 48/61 MP: 6/6
  2162 | D:2      | Noticed Natasha
  2175 | D:2      | Slain by Natasha

Action                   |  1- 3 |  4- 6 || total
-------------------------+-------+-------++-------
Melee: Long sword        |   134 |    70 ||   204
 Abil: Spit Poison       |     3 |     3 ||     6
  Use: Potion            |     1 |       ||     1
  Eat: Chunk             |     1 |     2 ||     3
